 Dungeon Crawl Stone Soup version 0.30-a0-626-gd6a5dd7a1f (webtiles) character file.

Game seed: 17699373763200660398

40 hikkokomori the Shield-Bearer (level 3, 0/30 HPs)
             Began as a Formicid Fighter on Jan 12, 2023.
             Slain by Robin
             ... wielding a +0 spear
              (4 damage)
             ... on level 2 of the Dungeon.
             The game lasted 00:01:13 (791 turns).

hikkokomori the Shield-Bearer (Formicid Fighter)     Turns: 791, Time: 00:01:13

Health: 0/30       AC:  8    Str: 22    XL:     3   Next: 72%
Magic:  3/3        EV:  9    Int:  7    God:
Gold:   65         SH:  5    Dex: 13    Spells: 2/2 levels left

rFire   . . .      SeeInvis +    a - +0 war axe
rCold   . . .      Faith    .    c - +0 buckler
rNeg    . . .      Spirit   .    b - +0 scale mail
rPois   .          Reflect  .    (helmet unavailable)
rElec   .          Harm     .    (no cloak)
rCorr   .          Rampage  .    (no gloves)
Will    .....                    h - +0 pair of boots Stlth
                                 (no amulet)
HPRegen 0.25/turn                (no ring)
MPRegen 0.08/turn                (no ring)

@: no status effects
A: permanent stasis, dig shafts and tunnels, antennae 3, four strong arms
a: Dig, Shaft Self


You were on level 2 of the Dungeon.
You visited 1 branch of the dungeon, and saw 2 of its levels.

You collected 65 gold pieces.

Inventory:

Hand Weapons
 a - a +0 war axe (weapon)
Armour
 b - a +0 scale mail (worn)
 c - a +0 buckler (worn)
 h - a +0 pair of boots (worn)
Scrolls
 e - 2 scrolls of identify {unknown}
 g - 3 scrolls of magic mapping {unknown}
Potions
 d - a potion of might
 f - 2 potions of lignification {unknown}
 i - 2 potions of resistance {unknown}


   Skills:
 + Level 3.7 Fighting
 + Level 2.5 Axes
 + Level 3.7 Armour
 + Level 4.5 Shields


You had 2 spell levels left.
You didn't know any spells.
Your spell library contained the following spells:

 Spells                   Type           Power      Damage    Failure   Level
 Ensorcelled Hibernation  Hex/Ice        0%         N/A       91%         2
 Gell's Gravitas          Tloc           0%         N/A       99%         3
 Spider Form              Tmut/Pois      0%         N/A       99%         3
 Teleport Other           Tloc           0%         N/A       99%         3
 Anguish                  Hex/Necr       0%         N/A       100%        4
 Dispersal                Tloc           0%         N/A       100%        6


Dungeon Overview and Level Annotations

Branches:
Dungeon (2/15)

Altars:

Annotations:
D:2 Robin


Innate Abilities, Weirdness & Mutations

You cannot be hasted, slowed, berserked, paralysed or teleported.
You can dig through walls and to a lower floor.
You have a pair of large antennae on your head. (SInv)
Your four strong arms can wield two-handed weapons with a shield.


Message History

You closely miss the goblin. You closely miss the hobgoblin.
The hobgoblin hits you but does no damage.
Robin throws the goblin at you!
A goblin comes into view. It is wielding a +0 dagger.
The goblin closely misses you.
You hit the goblin.
The goblin is severely wounded.
You closely miss the hobgoblin. You closely miss the goblin.
You block Robin's attack. The hobgoblin barely misses you.
You block the goblin's attack. The goblin closely misses you.
Robin hits you but does no damage. The goblin hits you with a +0 dagger.
The hobgoblin hits you with a +0 club.
You barely miss the goblin. You slash the goblin!
You kill the goblin!
You closely miss the goblin. You hit the hobgoblin.
The goblin hits you but does no damage. The hobgoblin hits you with a +0 club.
Robin roars a battlecry!
The goblin goes into a battle-frenzy!
You block the goblin's attack.
You closely miss the goblin. You completely miss the goblin.
You closely miss the hobgoblin.
The goblin hits you but does no damage. x2
The hobgoblin hits you with a +0 club.
Robin flexes a bicep menacingly.
Robin hits you from afar with a +0 spear.
The goblin barely misses you. x2; The hobgoblin hits you with a +0 club.
You block Robin's attack.
You barely miss the goblin. x2; You closely miss the hobgoblin.
The goblin closely misses you. The goblin hits you but does no damage.
You block the hobgoblin's attack. Robin hits you but does no damage.
You hit the goblin.
You kill the goblin!
You hit the goblin.
You kill the goblin!
You closely miss the hobgoblin. You block Robin's attack.
The hobgoblin hits you with a +0 club.
* * * LOW HITPOINT WARNING * * *
The hobgoblin hits you with a +0 club.
* * * LOW HITPOINT WARNING * * *
Robin hits you from afar with a +0 spear.
You die...

#...#####.# .# #.(.......#
.# #....###### .# .....#
#####.# ..#..# #..... ##.#
.....##########....##....#
####.#...................#
...†...########)g..#####..
##.....#####.##)@)g).#
#...........##)####.#
##.....#####.#.....#.#
.......# #.......#.#
###.(..#######.....#.#
...................+..
####.#########.....##g ...
#.....# g #.... #######


You could see Robin and a hobgoblin (strong).

Vanquished Creatures
  A worm (D:2)
  A dart slug (D:1)
  3 bats (D:1)
  3 endoplasms (D:1)
  9 goblins
  5 hobgoblins
  3 kobolds (D:1)
  2 quokkas
  3 ball pythons
  A frilled lizard (D:1)
  A rat (D:1)
32 creatures vanquished.

Vanquished Creatures (others)
  6 plants (D:1)
6 creatures vanquished.

Grand Total: 38 creatures vanquished

Notes
Turn   | Place    | Note
-------+----------+-------------------------------------------
     0 | D:1      | hikkokomori the Formicid Fighter began the quest for the
                  | Orb.
     0 | D:1      | Reached XP level 1. HP: 18/18 MP: 1/1
   105 | D:1      | Reached XP level 2. HP: 17/24 MP: 2/2
   417 | D:1      | Reached XP level 3. HP: 29/29 MP: 3/3
   775 | D:2      | Noticed Robin
   791 | D:2      | Slain by Robin

Illustrated notes

Levels and vault maps discovered:
D:1:      lightli_arrival_flooded_house, layout_basic, chequers_big_river,
          serial_bayou_pond_c, minmay_distorted
D:2:      layout_basic, serial_shops, nicolae_shop_stone, uniq_robin

Action                   || total
-------------------------++-------
Melee: War axe           ||    73
Armor: Scale mail        ||    35
Dodge: Dodged            ||    32
Block: Buckler           ||    25

Table legend: (Time is in decaauts)
 A = Elapsed time spent in this place.
 B = Non-inter-level travel time spent in this place.
 C = Inter-level travel time spent in this place.
 D = Time resting spent in this place.
 E = Time spent auto-exploring this place.
 F = Levels seen in this place.
 G = Mean time per level.
                   A        B        C        D        E       F      G
               +--------+--------+--------+--------+--------+-----+--------+
         Total |    837 |    828 |      9 |      0 |    584 |   2 |  418.5 |
       Dungeon |    837 |    828 |      9 |      0 |    584 |   2 |  418.5 |
               +--------+--------+--------+--------+--------+-----+--------+

Top non-repeatable levels by time:
     D:1: 744 daAuts
     D:2: 93 daAuts
